Match 46739739
Unlisted

Match 46739739
End
Engineer Squad
Selects Special Operations Battlegroup
Selects M29 Weasel Recon Vehicle
M29 Weasel Recon Vehicle
Construct Weapon Support Center
M1919 Machine Gun Team
M1919 Machine Gun Team
Infantry Support Center
Engineer Squad
Construct Motor Pool
Selects Raiding Flares
M24 Chaffee Light Tank
M1 Anti-tank Gun Team
Advanced Logistics
Selects SSF Commando Squad
SSF Commando Squad
SSF Commando Squad
Survival Training
Construct Medical Station
M1919 Machine Gun Team
Engineer Squad
Construct Tank Depot
SSF Commando Squad
Selects P-47 Anti-Infantry Loiter
P-47 Anti-Infantry Loiter
M4(105) Sherman Bulldozer
M18 Hellcat Tank Destroyer
M1 Anti-tank Gun Team
Selects M4A1 Sherman Whizbang
Engineer Squad
SSF Commando Squad
M18 Hellcat Tank Destroyer
M18 Hellcat Tank Destroyer
M18 Hellcat Tank Destroyer
JBQuib
Cpt Darling
实力不足只能当老六了
Marin
0
0

Comments sign in to comment!

No comments posted yet!